AoeStats
← Caramelbaum

Arabia

505085861Analyzed
2v2 RM · 23d ago on Sep 7, 2026· 48m 48s· 4 players
Game mode
Random Map
Map size
Medium (4 player)
Population
200
Speed
Normal
Resources
Standard
Victory
Conquest
Starting age
Dark Age
Ending age
Imperial Age
RankedLock teamsTeams togetherTeam positionsShared explorationLock speedFull tech treeHidden civsTurbo modeCheats
Victory
Defeat
🇦🇷 Turks · Argentina
774
+16
🇩🇪 Ethiopians · Germany
738
+17
🇲🇽 Japanese · Mexico
782
-17
🇲🇽 Franks · Mexico
755
-16
Caramelbaum
2:48 Loom
13:39 Feudal Age
14:15 Double-Bit Axe
15:08 Wheelbarrow
17:59 Horse Collar
18:32 Town Watch
20:09 Arson
20:38 Forging
20:28 Scale Mail Armor
23:48 Castle Age
22:23 Gold Mining
22:33 Stone Mining
24:48 Hand Cart
25:14 Gold Shaft Mining
25:44 Bow Saw
26:35 Stone Shaft Mining
27:23 Town Patrol
28:21 Heavy Plow
28:26 Royal Heirs
29:42 Caravan
35:36 Imperial Age
37:14 Conscription
36:16 Elite Shotel Warrior
38:23 Two-Man Saw
41:56 Iron Casting
41:37 Chain Mail Armor
41:25 Squires
Franklin
4:46 Loom
10:30 Feudal Age
12:50 Double-Bit Axe
21:10 Castle Age
21:05 Forging
21:35 Bloodlines
21:34 Scale Barding Armor
22:53 Iron Casting
25:20 Bow Saw
28:45 Chain Barding Armor
28:22 Horse Collar
28:59 Gold Mining
30:54 Heavy Plow
33:35 Wheelbarrow
33:44 Caravan
34:26 Town Watch
35:00 Hand Cart
35:41 Padded Archer Armor
39:30 Imperial Age
37:33 Town Patrol
40:43 Imperial Age
39:34 Leather Archer Armor
39:47 Ballistics
40:10 Sanctity
42:24 Bombard Tower
43:13 Two-Man Saw
43:46 Elite Janissary
44:50 Conscription
44:34 Artillery
46:20 Blast Furnace
45:51 Ring Archer Armor
46:59 Husbandry
Penchin
0:36 Loom
14:42 Feudal Age
19:26 Castle Age
29:43 Gold Mining
29:43 Double-Bit Axe
30:32 Fletching
32:13 Stone Mining
33:16 Bow Saw
34:12 Wheelbarrow
39:54 Bodkin Arrow
40:48 #83
41:47 Fortified Wall
44:39 Scale Barding Armor
45:53 Chain Barding Armor
46:22 Forging
49:12 Imperial Age
47:01 Hand Cart
49:04 Iron Casting
dandrade
11:22 Feudal Age
9:37 Loom
15:23 Castle Age
14:31 Double-Bit Axe
16:37 Bow Saw
20:34 Horse Collar
21:44 Padded Archer Armor
21:46 Treadmill Crane
23:37 Leather Archer Armor
23:46 Ballistics
27:45 Thumb Ring
27:38 Fletching
29:18 Fortified Wall
29:06 Murder Holes
30:23 Heavy Plow
31:02 Wheelbarrow
31:12 Bloodlines
31:03 Husbandry
32:55 Hand Cart
33:55 Guard Tower
34:37 Yasama
36:50 Crossbowman
41:02 Imperial Age
41:43 Forging
41:33 Scale Mail Armor
41:29 Bodkin Arrow
41:43 Scale Barding Armor
45:26 Chemistry
45:55 Two-Man Saw
44:51 Elite Skirmisher
47:15 Arbalester
48:42 Keep
Connection lost

Rejoining the realm…

Still unreachable

The connection could not be restored.

Session expired

The server has moved on; the page needs a fresh start.